 Dungeon Crawl Stone Soup version 0.30.1-11-g7821555f0a (webtiles) character file.

Game seed: 18395310206067185372

26 lonewolfV2 the Shield-Bearer (level 3, 0/30 HPs)
             Began as a Formicid Fighter on Nov 16, 2023.
             Slain by a gnoll
             ... wielding a +0 halberd
              (12 damage)
             ... on level 2 of the Dungeon.
             The game lasted 00:00:53 (800 turns).

lonewolfV2 the Shield-Bearer (Formicid Fighter)      Turns: 800, Time: 00:00:54

Health: 0/30       AC:  7    Str: 22    XL:     3   Next: 22%
Magic:  3/3        EV:  9    Int:  7    God:
Gold:   40         SH:  5    Dex: 13    Spells: 2/2 levels left

rFire   . . .        a - +1 war axe
rCold   . . .        c - +0 buckler
rNeg    . . .        b - +0 scale mail
rPois   .            (helmet unavailable)
rElec   .            (no cloak)
rCorr   .            (no gloves)
SInv    +            (no boots)
Will    .....        (no amulet) Stlth
                     (no ring)
HPRegen 0.25/turn    (no ring)
MPRegen 0.08/turn

%: no passive effects
@: no status effects
A: permanent stasis, dig shafts and tunnels, antennae 3, four strong arms
a: Dig, Shaft Self


You were on level 2 of the Dungeon.
You visited 1 branch of the dungeon, and saw 2 of its levels.

You collected 40 gold pieces.

Inventory:

Hand Weapons
 a - a +1 war axe (weapon)
Armour
 b - a +0 scale mail (worn)
 c - a +0 buckler (worn)
Scrolls
 g - a scroll of magic mapping
Potions
 d - a potion of might
 h - a potion of flight


   Skills:
 + Level 4.0 Fighting
 - Level 2.0 Axes
 + Level 4.0 Armour
 - Level 4.0 Shields


You had 2 spell levels left.
You didn't know any spells.
Your spell library contained the following spells:

 Spells                   Type           Power      Damage    Failure   Level
 Freeze                   Ice            0%         1d3       82%         1
 Frozen Ramparts          Ice            0%         1d1       99%         3
 Hailstorm                Conj/Ice       0%         3d3       99%         3
 Stone Arrow              Conj/Erth      0%         3d7       99%         3
 Animate Armour           Summ/Erth      0%         N/A       100%        4
 Lehudib's Crystal Spear  Conj/Erth      0%         10d2      100%        8


Dungeon Overview and Level Annotations

Branches:
Dungeon (2/15)

Altars:


Innate Abilities, Weirdness & Mutations

You cannot be hasted, slowed, berserked, paralysed or teleported.
You can dig through walls and to a lower floor.
You have a pair of large antennae on your head. (SInv)
Your four strong arms can wield two-handed weapons with a shield.


Message History

h - a potion of flight
As you read the scroll labelled ECUUDI GOLUKH, it crumbles to dust.
It is a scroll of enchant weapon.
Your +0 war axe glows red for a moment.
As you read the scroll labelled YNNINY JEFI, it crumbles to dust.
You feel momentarily disoriented.
It was a scroll of magic mapping.
Unknown command.
You slide downwards.
The hatch slams shut behind you.
You pick up a book of Frost and begin reading...
You add the spells Freeze, Frozen Ramparts and Hailstorm to your library.
Found a stone staircase leading down.
Found a stone staircase leading down.
You now have 40 gold pieces (gained 3).
A kobold comes into view. It is wielding a +0 short sword.
Found a ring mail.
The kobold shouts!
A kobold is nearby!
A kobold is nearby!
You block the kobold's attack.
You hit the kobold but do no damage. The kobold hits you but does no damage.
You slash the kobold!
You kill the kobold!
Things that are here:
a +0 short sword; a kobold corpse A gnoll comes into view.
It is wielding a +0 halberd.
The gnoll shouts!
A gnoll comes into view. It is wielding a +0 halberd.
The gnoll shouts!
There are monsters nearby!
There are monsters nearby!
A gnoll comes into view. It is wielding a +0 whip.
The gnoll shouts!
A gnoll comes into view. It is wielding a +0 flail.
The gnoll hits you from afar with a +0 halberd!
The gnoll shouts!
You hear a shout!
The gnoll hits you with a +0 halberd!
An endoplasm comes into view.
You hit the gnoll but do no damage. You block the gnoll's attack.
The gnoll hits you from afar with a +0 halberd!
You die...

....# #.#
#.#.# #J#
####.#.## #.#
#.......# #g#
#.......# #g#
#......[# #g#
#.......# #g#
#...).... #@#
#.#.###.#
#.########.#.#
#..
#..........#.#
###
#.##########.#
#.# #.# #.#
#.# #.# #.#
#.# #.# #.#


You could see 4 gnolls and an endoplasm.

Vanquished Creatures
  2 dart slugs (D:1)
  A bat (D:1)
  4 hobgoblins (D:1)
  2 quokkas (D:1)
  2 ball pythons (D:1)
  2 frilled lizards (D:1)
  3 goblins (D:1)
  3 kobolds
  2 rats (D:1)
21 creatures vanquished.

Notes
Turn   | Place    | Note
-------+----------+-------------------------------------------
     0 | D:1      | lonewolfV2 the Formicid Fighter began the quest for the
                  | Orb.
     0 | D:1      | Reached XP level 1. HP: 18/18 MP: 1/1
   163 | D:1      | Reached XP level 2. HP: 24/24 MP: 2/2
   448 | D:1      | Reached XP level 3. HP: 30/30 MP: 3/3
   800 | D:2      | Slain by a gnoll

Illustrated notes

Levels and vault maps discovered:
D:1:      dpeg_arrival_erosion, layout_loops_ring
D:2:      layout_loops_ring

Skill      XL: |  1  2  3 |
---------------+----------+-----
Fighting       | 4 |  4.0
Armour         | 4 |  4.0
Axes           | |  2.0
Shields        | |  4.0

Action                     || total
---------------------------++-------
  Melee: War axe           ||    45
    Use: Scroll            ||     3
 Armour: Scale mail        ||    19
  Dodge: Dodged            ||    13
  Block: Buckler           ||    18
